 Dungeon Crawl Stone Soup version 0.24-a0-549-g45f0056d81 (webtiles) character file.

Game seed: 10264845138231053451

49 Peloso the Shield-Bearer (level 3, 0/33 HPs)
             Began as a Minotaur Fighter on Aug 20, 2019.
             Succumbed to a worker ant's poison
             ... on level 4 of the Dungeon.
             The game lasted 00:03:23 (1215 turns).

Peloso the Shield-Bearer (Minotaur Fighter)         Turns: 1215, Time: 00:03:24

Health: 0/33       AC: 11    Str: 20    XL:     3   Next: 53%
Magic:  1/1        EV:  5    Int:  5    God:
Gold:   100        SH:  9    Dex:  8    Spells: 2/2 levels left

rFire    . . .     SeeInvis .   a - +0 long sword
rCold    . . .     Gourm    .   c - +0 shield
rNeg     . . .     Faith    .   b - +0 chain mail
rPois    .         Spirit   .   (helmet restricted)
rElec    .         Reflect  .   (no cloak)
rCorr    .         Harm     .   (no gloves)
MR       .....     Rnd*Tele +   (no boots)
Stlth    ..........             (no amulet)
HPRegen  0.11/turn              (no ring)
MPRegen  0.07/turn              (no ring)

@: lethally poisoned (0 -> -4)
A: retaliatory headbutt, horns 2, yellow scales 1, clumsy 1, low mp 1,
teleportitis 1
a: no special abilities


You were on level 4 of the Dungeon.
You were very hungry.

You visited 1 branch of the dungeon, and saw 4 of its levels.

You collected 100 gold pieces.

Inventory:

Hand Weapons
 a - a +0 long sword (weapon)
Armour
 b - a +0 chain mail (worn)
 c - a +0 shield (worn)
Scrolls
 e - a scroll of blinking {unknown}
 g - 4 scrolls of identify {unknown}
 i - a scroll of fear {unknown}
 j - 3 scrolls of amnesia {unknown}
 k - a scroll of teleportation {unknown}
 m - a scroll of remove curse {unknown}
Potions
 d - 3 potions of might
 h - 2 potions of curing
 l - 2 potions of lignification {unknown}
 n - a potion of degeneration {unknown}
Comestibles
 f - 5 rations


   Skills:
 + Level 4.2 Fighting
 + Level 2.6 Long Blades
 + Level 4.1 Armour
 + Level 0.5 Dodging
 + Level 4.3 Shields


You had 2 spell levels left.
You didn't know any spells.
Your spell library was empty.

Dungeon Overview and Level Annotations

Branches:
Dungeon (4/15)
 Temple: D:4-7

Altars:
Xom


Innate Abilities, Weirdness & Mutations

You reflexively headbutt those who attack you in melee.
You have a pair of horns on your head.
You are partially covered in yellow scales. (AC +2)
You are clumsy. (Dex -2)
Your magical capacity is low. (-10% MP)
You are occasionally teleported next to monsters.


Message History

You block the orc's attack. You block the worker ant's attack.
The worker ant barely misses you.
You riposte.
You hit the worker ant.
The worker ant is moderately wounded.
You block the orc's attack.
The worker ant bites you but does no damage.
The orc hits you but does no damage. You block the worker ant's attack.
The orc hits you but does no damage.
The worker ant bites you but does no damage.
You block the orc's attack. The worker ant bites you.
* * * LOW HITPOINT WARNING * * *
You are lethally poisoned!
The worker ant poisons you!
You are feeling very hungry.
* * * LOW HITPOINT WARNING * * *
You feel sick. You block the orc's attack. The worker ant bites you.
* * * LOW HITPOINT WARNING * * *
The worker ant bites you but does no damage.
The orc suddenly grunts.
The orc hits you but does no damage.
You die...

# # ##. .## #...
...##
.....#####.....#
#....o@a..#
.....##'##.....#
#.. #..# ...## #
#..## ###
.####.#.## .#
.........# .#
#####....##.#
#...#..<.#
#.#####..#


You could see a worker ant and an orc.

Vanquished Creatures
  An adder (D:4)
  A worm (D:3)
  A dart slug (D:2)
  A leopard gecko (D:4)
  An orc (D:3)
  4 bats
  2 giant cockroaches (D:1)
  3 goblins
  4 hobgoblins
  5 kobolds
  2 quokkas (D:2)
  3 frilled lizards
  3 rats (D:1)
31 creatures vanquished.

Notes
Turn   | Place    | Note
-------+----------+-------------------------------------------
     0 | D:1      | Peloso the Minotaur Fighter began the quest for the Orb.
     0 | D:1      | Reached XP level 1. HP: 19/19 MP: 0/0
   241 | D:1      | Reached XP level 2. HP: 24/27 MP: 1/1
   549 | D:1      | Gained mutation: You are clumsy. (Dex -2) [potion of
                  | mutation]
   549 | D:1      | Gained mutation: Your magical capacity is low. (-10% MP)
                  | [potion of mutation]
   549 | D:1      | Gained mutation: You are occasionally teleported next to
                  | monsters. [potion of mutation]
   549 | D:1      | Gained mutation: You are partially covered in yellow
                  | scales. (AC +2) [potion of mutation]
   819 | D:2      | Found a shimmering altar of Xom.
   820 | D:2      | Found a shimmering altar of Xom.
   822 | D:2      | Found a shimmering altar of Xom.
   871 | D:2      | Reached XP level 3. HP: 25/33 MP: 1/1
  1213 | D:4      | HP: 1/33 [worker ant (3)]
  1215 | D:4      | Succumbed to a worker ant's poison

Levels and vault maps discovered:
D:1:      sevenhm_arrival_forest_fort_small_3, layout_basic,
          serial_corexii_hall, chequers_hall_statues_y, chequers_hall_statues_y,
          kennysheep_doodads, chequers_serial_rivers_micro_c
D:2:      layout_loops_ring, marbit_many_paths, xom_redecorated
D:3:      layout_rooms, minmay_misc_feat_more_columns, nrook_mini_backslash
D:4:      minmay_octagon_keep, layout_loops_ring, gammafunk_ghost_grave,
          first_ration

Skill      XL: |  1  2 |
---------------+-------+-----
Shields        | 4 |  4.3
Armour         | 4 |  4.1
Fighting       | 4 |  4.2
Long Blades    | |  2.6
Dodging        | |  0.5

Action                   || total
-------------------------++-------
Melee: Long sword        ||    58
       Headbutt          ||    11
  Use: Potion            ||     3
Armor: Scale mail        ||    11
       Chain mail        ||   119
Dodge: Dodged            ||    53
Block: Shield            ||   110
       Rpst.: Long sword ||    19

Table legend:
 A = Non-vault XP
 B = Vault XP
 C = Vault XP percentage of total XP
 D = Non-vault monster count
 E = Vault monster count
 F = Vault count percentage of total count
                 A         B        C        D         E       F
            +---------+---------+-------+---------+---------+-------
      Total |      58 |      13 |  18.3 |      30 |       1 |   3.2
            +---------+---------+-------+---------+---------+-------
        D:1 |      27 |       0 |   0.0 |      17 |       0 |   0.0
        D:2 |      16 |       0 |   0.0 |       8 |       0 |   0.0
        D:3 |      12 |       0 |   0.0 |       4 |       0 |   0.0
        D:4 |       3 |      13 |  81.2 |       1 |       1 |  50.0
            +---------+---------+-------+---------+---------+-------
